 Dungeon Crawl Stone Soup version 0.28.0-62-gf88900778d (webtiles) character file.

Game seed: 15944608666178382517

7135 cbfl8 the Cleaver (level 10, -14/88 HPs)
             Began as a Minotaur Fighter on May 12, 2023.
             Was an Initiate of Trog.
             Killed from afar by an oklob plant (23 damage)
             ... with a splash of acid
             ... created by the enmity of Fedhas Madash
             ... on level 9 of the Dungeon.
             The game lasted 00:13:56 (11618 turns).

cbfl8 the Cleaver (Minotaur Fighter)               Turns: 11618, Time: 00:13:57

Health: -14/88     AC: 10    Str: 31    XL:     10   Next: 85%
Magic:  9/9        EV:  9    Int:  5    God:    Trog [......]
Gold:   557        SH: 10    Dex: 14    Spells: 9/9 levels left

rFire   + . .      SeeInvis +   a - +0 war axe
rCold   + . .      Faith    .   y - +0 kite shield
rNeg    . . .      Spirit   .   d - +0 chain mail "Anaggum" {*Corrode rElec Will- Str+10}
rPois   .          Reflect  .   (helmet restricted)
rElec   +          Harm     .   C - scarf {rC+ rF+}
rCorr   .          Rampage  .   o - +0 pair of gloves
Will    .....                   E - +0 pair of boots
Stlth   ..........              (no amulet)
HPRegen 0.24/turn               m - ring of see invisible
MPRegen 0.11/turn               (no ring)

@: corroded
A: horns 2, retaliatory headbutt
a: Renounce Religion


You were on level 9 of the Dungeon.
You worshipped Trog.
Trog was noncommittal.
You visited 2 branches of the dungeon, and saw 11 of its levels.

You collected 557 gold pieces.

Inventory:

Hand Weapons
 a - a +0 war axe (weapon)
Armour
 d - the +0 chain mail "Anaggum" (worn) {*Corrode rElec Will- Str+10}
   (You found it on level 5 of the Dungeon)

   Str:       It affects your strength (+10).
   rElec:     It insulates you from electricity.
   *Corrode:  It may corrode you when you take damage.
   Will:      It decreases your willpower.
 o - a +0 pair of gloves (worn)
 y - a +0 kite shield (worn)
 C - a scarf of resistance (worn)
 E - a +0 pair of boots (worn)
Jewellery
 c - a ring of willpower
 m - a ring of see invisible (left hand)
Wands
 p - a wand of charming (4)
 v - a wand of flame (4)
 A - a wand of paralysis (1) (quivered)
 F - a wand of iceblast (6)
Scrolls
 e - 3 scrolls of teleportation
 f - 3 scrolls of enchant armour {unknown}
 i - a scroll of blinking
 j - 2 scrolls of fear {unknown}
 n - a scroll of holy word {unknown}
 q - 2 scrolls of magic mapping {unknown}
 r - 3 scrolls of silence
 s - a scroll of fog
 w - 2 scrolls of noise
 B - 2 scrolls of enchant weapon {unknown}
 D - a scroll of acquirement {unknown}
Potions
 b - 2 potions of mutation {unknown}
 g - a potion of ambrosia {unknown}
 h - 3 potions of attraction {unknown}
 k - a potion of resistance {unknown}
 l - 4 potions of curing
 t - 4 potions of haste
 u - 2 potions of heal wounds {unknown}
 x - a potion of flight {unknown}
 z - a potion of brilliance {unknown}


   Skills:
 + Level 8.1 Fighting
 + Level 11.0 Axes
 + Level 9.6 Armour
 + Level 3.1 Dodging
 + Level 4.2 Stealth
 + Level 6.2 Shields
 * Level 6.8 Evocations


You had 9 spell levels left.
You didn't know any spells.
Your spell library contained the following spells:

 Spells                   Type           Power      Damage    Failure   Level
 Sting                    Tmut/Pois      0%         1d3       99%         1
 Poisonous Vapours        Pois/Air       0%         N/A       100%        2
 Olgreb's Toxic Radiance  Pois           0%         N/A       100%        4
 Fireball                 Conj/Fire      0%         3d3       100%        5
 Starburst                Conj/Fire      0%         6d3       100%        6
 Ignition                 Fire           0%         3d3       100%        8
 Chain Lightning          Conj/Air       0%         N/A       100%        9
 Fire Storm               Conj/Fire      0%         5d1       100%        9
 Shatter                  Erth           0%         3d5*      100%        9


Dungeon Overview and Level Annotations

Branches:
Dungeon (10/15)            Temple (1/1) D:7            Lair (0/6) D:8
    Orc: D:9-12

Altars:
Ashenzari
Cheibriados
Dithmenos
Elyvilon
Fedhas
Gozag
Hepliaklqana
Kikubaaqudgha
Makhleb
Nemelex Xobeh
Okawaru
Qazlal
Ru
Sif Muna
Trog
Uskayaw
Vehumet
Wu Jian
Xom
Yredelemnul
Zin
The Shining One

Shops:
D:4 *

Annotations:
D:3 1 runed translucent door, macfelon's ghost, amateur DECj
D:9 exclusion: 5 oklob plants
D:10 exclusion: 4 oklob plants


Innate Abilities, Weirdness & Mutations

You have a pair of horns on your head.
You reflexively headbutt those who attack you in melee.


Message History

You headbutt the oklob plant, but do no damage.
The oklob plant is lightly damaged.
You slash the oklob plant!
You hit the oklob plant but do no damage.
You headbutt the oklob plant!
The oklob plant is moderately damaged.
You slash the oklob plant! The oklob plant spits acid at you.
The splash of acid hits you!
You hit the oklob plant but do no damage.
The oklob plant is moderately damaged.
You hit the oklob plant. The oklob plant spits acid at you.
You block the splash of acid. The oklob plant spits acid at you.
The splash of acid hits you!
Okay, then.
You hit the oklob plant.
The oklob plant is heavily damaged.
You slash the oklob plant! The oklob plant spits acid at you.
The splash of acid hits you!!
Your corrosive artefact corrodes you!
You slash the oklob plant!
The oklob plant is severely damaged.
You hit the oklob plant but do no damage.
The oklob plant spits acid at you. The splash of acid hits you!!
* * * LOW HITPOINT WARNING * * *
The acid corrodes you! The oklob plant spits acid at you.
The splash of acid misses you.
The wandering mushroom releases spores at you.
* * * LOW HITPOINT WARNING * * *
You are engulfed in a cloud of spores!
You are confused.
You bump into the rock wall.
You feel less confused. The oklob plant spits acid at you.
The splash of acid hits you!!
You die...

..##################.....###***,*
..# ##..#..#* *,* ..# #...#,..#
*<* ..# ##..##*,.#* *,*
..################..P# *,,.#***,*
.....ff.............## **,,.,,,,*
................P...# *,,,,,,,*
.....############..## **,,(****
##...# #@.P# *,,,* #...# ##..##
**,,*** ##...##########.f.#
*,,,,** .................##
**,,,,* .................# *,,,,*
.........f......## **,,,*
.........#####..# *,,**
.........# #..## **,*
.........####(..# *,,**


You could see 2 oklob plants and a wandering mushroom.

Vanquished Creatures
  A hydra (D:9)
  2 tengu warriors (D:9)
  3 cyclopes (D:9)
  A centaur zombie (D:10)
  A komodo dragon (D:8)
  6 wandering mushrooms (D:9)
  A troll (D:7)
  A raiju (shapeshifter) (D:9)
  A wyvern (D:10)
  A yak (D:10)
  A wraith (D:9)
  2 steam dragons
  2 water moccasins (D:4)
  Menkaure (D:6)
  An acid dragon (D:9)
  3 ice beasts
  A necrophage (D:6)
  2 ogres (D:5)
  A phantom (D:5)
  A bullfrog (D:7)
  3 scorpions
  3 howler monkeys
  4 wights (D:9)
  2 bullfrog zombies (D:5)
  A jelly (D:4)
  A bullfrog skeleton (D:6)
  A gnoll shaman (D:5)
  4 orc priests
  2 centaur skeletons (D:6)
  A hound (D:5)
  6 iguanas
  9 orc wizards
  A killer bee zombie (D:7)
  A hound skeleton (D:5)
  A howler monkey zombie (D:8)
  15 adders
  3 gnolls (D:5)
  A howler monkey skeleton (D:4)
  2 worms (D:2)
  3 dart slugs
  24 orcs
  7 endoplasms
  2 giant cockroaches (D:1)
  8 goblins
  8 hobgoblins
  2 jackals (D:4)
  5 quokkas
  7 ball pythons
  3 bats
  4 frilled lizards
  5 kobolds
  3 rats (D:3)
  A bush (D:10)
176 creatures vanquished.

Vanquished Creatures (others)
  A ballistomycete spore (D:9)
  3 plants (D:8)
4 creatures vanquished.

Grand Total: 180 creatures vanquished

Notes
Turn   | Place    | Note
-------+----------+-------------------------------------------
     0 | D:1      | cbfl8 the Minotaur Fighter began the quest for the Orb.
     0 | D:1      | Reached XP level 1. HP: 19/19 MP: 0/0
   299 | D:1      | Reached XP level 2. HP: 23/27 MP: 1/1
   535 | D:1      | Reached XP level 3. HP: 33/33 MP: 2/2
   996 | D:2      | Reached skill level 3 in Axes
  1353 | D:3      | Reached XP level 4. HP: 24/40 MP: 3/3
  1632 | D:3      | Reached skill level 1 in Evocations
  1680 | D:3      | Reached skill level 1 in Dodging
  1773 | D:3      | Found a runed translucent door.
  1775 | D:3      | Noticed macfelon's ghost (amateur DECj)
  2126 | D:4      | Reached XP level 5. HP: 30/47 MP: 4/4
  2524 | D:4      | Reached skill level 4 in Axes
  2561 | D:4      | Reached XP level 6. HP: 40/55 MP: 5/5
  2690 | D:4      | Found Eqaruale's Serpentskin Sales.
  2690 | D:4      | Noticed a water moccasin
  2690 | D:4      | Noticed a water moccasin
  2693 | D:4      | Killed a water moccasin
  2694 | D:4      | Reached skill level 5 in Fighting
  2694 | D:4      | Reached skill level 5 in Armour
  2699 | D:4      | Killed a water moccasin
  2700 | D:4      | Reached skill level 5 in Axes
  2983 | D:4      | Reached XP level 7. HP: 61/61 MP: 6/6
  3029 | D:5      | Entered Level 5 of the Dungeon
  3074 | D:5      | Identified the +0 chain mail "Anaggum" {*Corrode rElec
                  | Will- Str+10}
  3126 | D:5      | Reached skill level 6 in Axes
  3530 | D:5      | Reached XP level 8. HP: 59/70 MP: 7/7
  3853 | D:5      | Reached skill level 7 in Axes
  3931 | D:5      | Found a snail-covered altar of Cheibriados.
  4619 | D:6      | Reached skill level 8 in Axes
  4619 | D:6      | Reached skill level 5 in Shields
  4715 | D:6      | Noticed Menkaure
  4725 | D:6      | Killed Menkaure
  5449 | D:7      | Found a staircase to the Ecumenical Temple.
  5532 | Temple   | Entered the Ecumenical Temple
  5777 | Temple   | Became a worshipper of Fedhas Madash
  5900 | D:7      | Noticed a troll
  5915 | D:7      | Killed a troll
  5916 | D:7      | Reached XP level 9. HP: 24/78 MP: 8/8
  6465 | D:7      | Reached skill level 9 in Axes
  6988 | D:8      | Found a staircase to the Lair.
  6989 | D:8      | Noticed a komodo dragon
  7008 | D:8      | Killed a komodo dragon
  7207 | Temple   | Fell from the grace of Fedhas
  7207 | Temple   | Became a worshipper of Trog the Wrathful
  7507 | D:9      | Noticed a tengu warrior
  7775 | D:9      | Noticed a wandering mushroom
  7775 | D:9      | Noticed a wandering mushroom
  7797 | D:9      | Reached skill level 10 in Axes
  7797 | D:9      | Reached skill level 5 in Evocations
  7846 | D:9      | Killed a wandering mushroom
  7858 | D:9      | Killed a wandering mushroom
  8376 | D:9      | Noticed a cyclops
  8396 | D:9      | Killed a cyclops
  8503 | D:9      | Noticed a tengu warrior
  8507 | D:9      | Killed a tengu warrior
  8508 | D:9      | Reached skill level 1 in Stealth
  8508 | D:9      | Reached XP level 10. HP: 29/86 MP: 9/9
  8513 | D:9      | Killed a tengu warrior
  8903 | D:9      | Noticed a cyclops
  8917 | D:9      | Killed a cyclops
  9275 | D:9      | Noticed an eight-headed hydra
  9301 | D:9      | Killed a 16-headed hydra
  9312 | D:9      | Noticed a cyclops
  9319 | D:9      | Killed a cyclops
  9680 | D:9      | Noticed an oklob plant
  9680 | D:9      | Noticed an oklob plant
  9717 | D:10     | Entered Level 10 of the Dungeon
 10251 | D:10     | Reached * piety under Trog
 10294 | D:10     | Noticed an oklob plant
 10294 | D:10     | Noticed an oklob plant
 10294 | D:10     | Noticed an oklob plant
 10647 | D:10     | Reached skill level 11 in Axes
 10656 | D:10     | Noticed an oklob plant
 10656 | D:10     | Noticed an oklob plant
 11609 | D:9      | Noticed an oklob plant
 11609 | D:9      | Noticed an oklob plant
 11609 | D:9      | Noticed an oklob plant
 11618 | D:9      | Killed from afar by an oklob plant

Illustrated notes

Levels and vault maps discovered:
D:1:      wander_arrival_estate, layout_loops_ring
D:2:      layout_rooms, minmay_between
D:3:      layout_basic, gammafunk_ghost_grave
D:4:      layout_rooms, guppyfry_shop_venom
D:5:      layout_basic, mainiacjoe_overflow_tiny_flanked, minmay_circle_x
D:6:      minmay_razor_zed, layout_cave_pods, uniq_menkaure
D:7:      layout_gridville, minmay_temple_entry_mist
D:8:      layout_loops_cross, david_lair_shrubbed
D:9:      minmay_diamond_stairs, layout_long_grid
D:10:     layout_cave_pools, serial_park, serial_park_square1
          [serial_park_minivault_5x5_1], serial_park_tiny_2, serial_park_tiny_2,
          serial_park_gazebo [serial_park_minivault_5x5_4],
          hangedman_decor_growths
Temple:   compressed_dpeg_circular_temple

Skill      XL: |  1  2  3  4  5  6  7  8  9 10 |
---------------+-------------------------------+-----
Fighting       | 4 5 6 7 8 |  8.1
Armour         | 4 5 6 8 9 |  9.6
Axes           | 3 4 5 6 8 10 11 | 11.0
Shields        | 4 5 6 |  6.2
Evocations     | 1 2 3 4 5 6 |  6.8
Dodging        | 1 2 3 |  3.1
Stealth        | 1 4 |  4.2

Action                   |  1- 3 |  4- 6 |  7- 9 | 10-12 || total
-------------------------+-------+-------+-------+-------++-------
Melee: War axe           |    80 |    87 |   229 |   107 ||   503
       Headbutt          |     8 |    13 |    56 |    33 ||   110
Evoke: Wand              |       |       |    20 |     4 ||    24
  Use: Potion            |       |     1 |       |     2 ||     3
       Scroll            |       |       |     9 |     3 ||    12
 Stab: Paralysed         |       |       |     6 |    12 ||    18
Armor: Scale mail        |    46 |    38 |    10 |       ||    94
       Chain mail        |       |       |   109 |    49 ||   158
Dodge: Dodged            |    33 |    42 |   102 |    34 ||   211
Block: Buckler           |    18 |    24 |    34 |       ||    76
       Kite shield       |       |       |    50 |    35 ||    85
